TOP OF THE 1ST |
Barry's Bay Orioles batting - Pitching for Erie Jaxx : RHP Steve Bigham
|
Pitching: RHP Steve Bigham
|
|
Batting: LHB Ryan Rheaume
|
0-0: Called Strike 0-1: Ball 1-1: SINGLE (Groundball, 6MD)
|
Batting: LHB Lúcio Gómez
|
0-0: Ball 1-0: Ball 2-0: Swinging Strike 2-1: Foul Ball, location: 2F 2-2: Strikes out swinging
|
Batting: SHB Garrett Waller
|
0-0: Called Strike Ryan Rheaume steals 2nd base 0-1: Ball 1-1: Ball 2-1: Ball Ryan Rheaume steals 3rd base 3-1: Foul Ball, location: 2F 3-2: SINGLE (Groundball, 3D) Ryan Rheaume scores
|
Batting: SHB Terry Christian
|
0-0: Called Strike 0-1: Swinging Strike 0-2: Ball 1-2: Foul Ball, location: 2F 1-2: Foul Ball, location: 2F 1-2: Ball 2-2: Strikes out swinging
|
Batting: RHB Jim Martin
|
0-0: Ball 1-0: Called Strike 1-1: Fly out, F8 (Flyball, 8RS)
|
Top of the 1st over - 1 run(s), 2 hit(s), 0 error(s), 1 left on base; Barry's Bay 1 - Erie 0 |
BOTTOM OF THE 1ST |
Erie Jaxx batting - Pitching for Barry's Bay Orioles : RHP Manny Guerra
|
Pitching: RHP Manny Guerra
|
|
Batting: RHB Nick Simmons
|
0-0: Called Strike 0-1: Swinging Strike 0-2: Fly out, F4 (Popup, 34D)
|
Batting: SHB José Durango
|
0-0: Called Strike 0-1: Ball 1-1: Ground out 4-3 (Groundball, 4MD)
|
Batting: SHB Michael Field
|
0-0: Ball 1-0: Ball 2-0: Called Strike 2-1: Ball 3-1: Base on Balls
|
Batting: RHB Edgardo Castro
|
0-0: Called Strike 0-1: Called Strike 0-2: Fly out, F9 (Flyball, 89M)
|
Bottom of the 1st over - 0 run(s), 0 hit(s), 0 error(s), 1 left on base; Barry's Bay 1 - Erie 0 |
TOP OF THE 2ND |
Barry's Bay Orioles batting - Pitching for Erie Jaxx : RHP Steve Bigham
|
Batting: RHB Octávio Aldeguer
|
0-0: Ball 1-0: DOUBLE (Flyball, 89XD)
|
Batting: RHB Jim MacAchounich
|
0-0: Ball 1-0: Foul Ball, location: 2F 1-1: Foul Ball, location: 2F 1-2: Strikes out swinging
|
Batting: RHB River Cunningham
|
0-0: Swinging Strike 0-1: Called Strike 0-2: Strikes out looking
|
Batting: RHB Bart Wade
|
0-0: Ball 1-0: Ground out 5-3 (Groundball, 56S)
|
Top of the 2nd over - 0 run(s), 1 hit(s), 0 error(s), 1 left on base; Barry's Bay 1 - Erie 0 |
BOTTOM OF THE 2ND |
Erie Jaxx batting - Pitching for Barry's Bay Orioles : RHP Manny Guerra
|
Batting: RHB George Medine
|
0-0: Called Strike 0-1: Ball 1-1: Called Strike 1-2: Ball 2-2: Ball 3-2: SINGLE (Groundball, 34D)
|
Batting: RHB Shane Marshall
|
0-0: Ball 1-0: Ball 2-0: Ball 3-0: Called Strike 3-1: Base on Balls George Medine to second
|
Batting: LHB Bill Handy
|
0-0: Called Strike 0-1: Ball 1-1: Ball 2-1: Grounds into double play, 6-4-3 (Groundball, 6) George Medine to third
|
Batting: RHB James Richardson
|
0-0: Called Strike 0-1: Foul Ball, location: 2F 0-2: Foul Ball, location: 2F 0-2: Foul Ball, location: 2F 0-2: Ball 1-2: Ground out 6-3 (Groundball, 6)
|
Bottom of the 2nd over - 0 run(s), 1 hit(s), 0 error(s), 1 left on base; Barry's Bay 1 - Erie 0 |
TOP OF THE 3RD |
Barry's Bay Orioles batting - Pitching for Erie Jaxx : RHP Steve Bigham
|
Batting: LHB Ryan Rheaume
|
0-0: Ball 1-0: Swinging Strike 1-1: Ball 2-1: Foul Ball, location: 2F 2-2: Foul Ball, location: 2F 2-2: Foul Ball, location: 2F 2-2: Foul Ball, location: 2F 2-2: Strikes out swinging
|
Batting: LHB Lúcio Gómez
|
0-0: Ball 1-0: Ball 2-0: Ball 3-0: Base on Balls
|
Batting: SHB Garrett Waller
|
0-0: Called Strike 0-1: Swinging Strike 0-2: Ball 1-2: Foul Ball, location: 2F 1-2: Foul Ball, location: 2F 1-2: Strikes out swinging
|
Batting: SHB Terry Christian
|
0-0: Foul Ball, location: 2F 0-1: Ball 1-1: Ball 2-1: Ball 3-1: Called Strike 3-2: Base on Balls Lúcio Gómez to second
|
Batting: RHB Jim Martin
|
0-0: DOUBLE (Line Drive, 9LM) Lúcio Gómez scores Terry Christian to third Runner from 3rd tries for Home, SAFE, no throw
|
Batting: RHB Octávio Aldeguer
|
0-0: Ball 1-0: Swinging Strike 1-1: Ball 2-1: Foul Ball, location: 2F 2-2: Foul Ball, location: 2F 2-2: Ball 3-2: Strikes out looking
|
Top of the 3rd over - 2 run(s), 1 hit(s), 0 error(s), 1 left on base; Barry's Bay 3 - Erie 0 |
BOTTOM OF THE 3RD |
Erie Jaxx batting - Pitching for Barry's Bay Orioles : RHP Manny Guerra
|
Batting: RHB Miguel Sánchez
|
0-0: Ball 1-0: Foul Ball, location: 2F 1-1: Ball 2-1: Called Strike 2-2: SINGLE (Groundball, 56D)
|
Batting: RHB Nick Simmons
|
0-0: Ball 1-0: Called Strike 1-1: Ball Pickoff Throw to First - Out! 2-1: Foul Ball, location: 2F 2-2: Strikes out swinging
|
Batting: SHB José Durango
|
0-0: Foul Ball, location: 2F 0-1: Called Strike 0-2: Foul Ball, location: 2F 0-2: Ball 1-2: Foul Ball, location: 2F 1-2: Ball 2-2: Ground out 1-3 (Groundball, 13S)
|
Bottom of the 3rd over - 0 run(s), 1 hit(s), 0 error(s), 0 left on base; Barry's Bay 3 - Erie 0 |
TOP OF THE 4TH |
Barry's Bay Orioles batting - Pitching for Erie Jaxx : RHP Steve Bigham
|
Batting: RHB Jim MacAchounich
|
0-0: Ball 1-0: Swinging Strike 1-1: Called Strike 1-2: Ball 2-2: Foul Ball, location: 2F 2-2: Strikes out swinging
|
Batting: RHB River Cunningham
|
0-0: Called Strike 0-1: Ball 1-1: Called Strike 1-2: Strikes out swinging
|
Batting: RHB Bart Wade
|
0-0: Foul Ball, location: 2F 0-1: Swinging Strike 0-2: Ball 1-2: Strikes out swinging
|
Top of the 4th over - 0 run(s), 0 hit(s), 0 error(s), 0 left on base; Barry's Bay 3 - Erie 0 |
BOTTOM OF THE 4TH |
Erie Jaxx batting - Pitching for Barry's Bay Orioles : RHP Manny Guerra
|
Batting: SHB Michael Field
|
0-0: Ball 1-0: Foul Ball, location: 2F 1-1: Swinging Strike 1-2: Foul Ball, location: 2F 1-2: Strikes out swinging
|
Batting: RHB Edgardo Castro
|
0-0: Called Strike 0-1: Ball 1-1: Called Strike 1-2: Fly out, F7 (Flyball, 7LS)
|
Batting: RHB George Medine
|
0-0: Called Strike 0-1: Ball 1-1: SINGLE (Groundball, 4S) (infield hit)
|
Batting: RHB Shane Marshall
|
0-0: Ball 1-0: Ball 2-0: SINGLE (Line Drive, 8RS) George Medine to second Runner from 2nd tries for 3rd, SAFE, throw made to third
|
Batting: LHB Bill Handy
|
0-0: Foul Ball, location: 2F 0-1: Ball 1-1: Fly out, F7 (Flyball, 78XD)
|
Bottom of the 4th over - 0 run(s), 2 hit(s), 0 error(s), 2 left on base; Barry's Bay 3 - Erie 0 |
TOP OF THE 5TH |
Barry's Bay Orioles batting - Pitching for Erie Jaxx : RHP Steve Bigham
|
Batting: LHB Ryan Rheaume
|
0-0: Swinging Strike 0-1: Foul Ball, location: 2F 0-2: Strikes out swinging
|
Batting: LHB Lúcio Gómez
|
0-0: Foul Ball, location: 2F 0-1: Swinging Strike 0-2: Ball 1-2: Foul Ball, location: 2F 1-2: Strikes out swinging
|
Batting: SHB Garrett Waller
|
0-0: Ball 1-0: SINGLE (Line Drive, 4D)
|
Pitching: RHP Carl Curry
|
|
Batting: SHB Terry Christian
|
0-0: Ball 1-0: Ball Wild Pitch! Garrett Waller to second 2-0: Called Strike 2-1: Swinging Strike 2-2: Ground out 4-3 (Groundball, 4)
|
Top of the 5th over - 0 run(s), 1 hit(s), 0 error(s), 1 left on base; Barry's Bay 3 - Erie 0 |
BOTTOM OF THE 5TH |
Erie Jaxx batting - Pitching for Barry's Bay Orioles : RHP Manny Guerra
|
Batting: RHB James Richardson
|
0-0: Ball 1-0: Called Strike 1-1: Ball 2-1: Ball 3-1: Ground out 5-3 (Groundball, 56S)
|
Batting: RHB Miguel Sánchez
|
0-0: SINGLE (Flyball, 8LS)
|
Batting: RHB Nick Simmons
|
0-0: Called Strike 0-1: Ball 1-1: Called Strike 1-2: Ball 2-2: Strikes out swinging
|
Batting: SHB José Durango
|
0-0: Ground out 4-3 (Groundball, 34)
|
Bottom of the 5th over - 0 run(s), 1 hit(s), 0 error(s), 1 left on base; Barry's Bay 3 - Erie 0 |
TOP OF THE 6TH |
Barry's Bay Orioles batting - Pitching for Erie Jaxx : RHP Carl Curry
|
Now at 2B: Cristián Cauozos
|
|
Batting: RHB Jim Martin
|
0-0: Ball 1-0: Ball 2-0: Ball 3-0: Called Strike 3-1: Foul Ball, location: 2F 3-2: Strikes out swinging
|
Batting: RHB Octávio Aldeguer
|
0-0: Called Strike 0-1: Foul Ball, location: 2F 0-2: SINGLE (Line Drive, 89M)
|
Batting: RHB Jim MacAchounich
|
0-0: Called Strike 0-1: SINGLE (Line Drive, 4M) Octávio Aldeguer to second
|
Batting: RHB River Cunningham
|
0-0: Ball 1-0: Foul Ball, location: 2F 1-1: Foul Ball, location: 2F 1-2: Ball 2-2: Ball 3-2: SINGLE (Line Drive, 8LS) Octávio Aldeguer to third Jim MacAchounich to second
|
Batting: RHB Bart Wade
|
0-0: Called Strike 0-1: Ball 1-1: SINGLE (Flyball, 89S) Octávio Aldeguer scores Jim MacAchounich to third River Cunningham to second Runner from 3rd tries for Home, SAFE, no throw
|
Pitching: RHP Jorge Ríos
|
|
Batting: LHB Ryan Rheaume
|
0-0: Called Strike 0-1: Foul Ball, location: 2F 0-2: Fielders Choice at 2nd, 3-6 (Groundball, 3) River Cunningham to third
|
Batting: LHB Lúcio Gómez
|
0-0: Ball 1-0: Called Strike 1-1: Ball 2-1: 3-RUN HOME RUN (Flyball, 89XD), Distance : 406 ft
|
Batting: SHB Garrett Waller
|
0-0: Called Strike 0-1: Called Strike 0-2: Ball 1-2: Strikes out swinging
|
Top of the 6th over - 5 run(s), 5 hit(s), 0 error(s), 0 left on base; Barry's Bay 8 - Erie 0 |
BOTTOM OF THE 6TH |
Erie Jaxx batting - Pitching for Barry's Bay Orioles : RHP Manny Guerra
|
Batting: SHB Michael Field
|
0-0: Fly out, F5 (Popup, 56S)
|
Batting: RHB Edgardo Castro
|
0-0: Called Strike 0-1: Swinging Strike 0-2: Strikes out swinging
|
Batting: RHB George Medine
|
0-0: Ball 1-0: Fly out, F9 (Line Drive, 9)
|
Bottom of the 6th over - 0 run(s), 0 hit(s), 0 error(s), 0 left on base; Barry's Bay 8 - Erie 0 |
TOP OF THE 7TH |
Barry's Bay Orioles batting - Pitching for Erie Jaxx : RHP Jorge Ríos
|
Batting: SHB Terry Christian
|
0-0: Fly out, F7 (Flyball, 78S)
|
Batting: RHB Jim Martin
|
0-0: Called Strike 0-1: Ball 1-1: Called Strike 1-2: SINGLE (Groundball, 3D)
|
Batting: RHB Octávio Aldeguer
|
0-0: Fly out, F8 (Flyball, 8RD)
|
Batting: RHB Jim MacAchounich
|
0-0: SINGLE (Flyball, 9LS) Jim Martin to second Runner from 2nd tries for 3rd, OUT!
|
Top of the 7th over - 0 run(s), 2 hit(s), 0 error(s), 1 left on base; Barry's Bay 8 - Erie 0 |
BOTTOM OF THE 7TH |
Erie Jaxx batting - Pitching for Barry's Bay Orioles : RHP Manny Guerra
|
Pitching: RHP Aaron Williams
|
|
Batting: RHB Cristián Cauozos
|
0-0: Ball 1-0: Swinging Strike 1-1: Ball 2-1: Ball 3-1: Base on Balls
|
Batting: LHB Bill Handy
|
0-0: Foul Ball, location: 2F 0-1: Swinging Strike 0-2: Strikes out swinging
|
Batting: RHB James Richardson
|
0-0: Ball 1-0: Ball 2-0: Ground out 5-3 (Groundball, 5S) Cristián Cauozos to second
|
Batting: RHB Miguel Sánchez
|
0-0: Called Strike 0-1: Ball 1-1: Ball 2-1: Foul Ball, location: 2F 2-2: Foul Ball, location: 2F 2-2: Foul Ball, location: 2F 2-2: Fly out, F6 (Popup, 56)
|
Bottom of the 7th over - 0 run(s), 0 hit(s), 0 error(s), 1 left on base; Barry's Bay 8 - Erie 0 |
TOP OF THE 8TH |
Barry's Bay Orioles batting - Pitching for Erie Jaxx : RHP Jorge Ríos
|
Batting: RHB River Cunningham
|
0-0: Ball 1-0: Ball 2-0: Ball 3-0: Called Strike 3-1: Base on Balls
|
Batting: RHB Bart Wade
|
0-0: Swinging Strike 0-1: Fly out, F3 (Popup, 3S)
|
Batting: LHB Ryan Rheaume
|
0-0: Ball 1-0: Called Strike 1-1: Swinging Strike 1-2: Strikes out looking
|
Batting: LHB Lúcio Gómez
|
0-0: Ball 1-0: Called Strike 1-1: Foul Ball, location: 2F 1-2: Fly out, F4 (Line Drive, 4)
|
Top of the 8th over - 0 run(s), 0 hit(s), 0 error(s), 1 left on base; Barry's Bay 8 - Erie 0 |
BOTTOM OF THE 8TH |
Erie Jaxx batting - Pitching for Barry's Bay Orioles : RHP Aaron Williams
|
Batting: RHB Nick Simmons
|
0-0: Ball 1-0: Foul Ball, location: 2F 1-1: Ball 2-1: Fly out, F9 (Flyball, 9D)
|
Batting: SHB José Durango
|
0-0: Ball 1-0: Ball 2-0: Foul Ball, location: 2F 2-1: Fly out, F7 (Flyball, 78M)
|
Batting: SHB Michael Field
|
0-0: Called Strike 0-1: Ball 1-1: Fly out, F9 (Flyball, 89D)
|
Bottom of the 8th over - 0 run(s), 0 hit(s), 0 error(s), 0 left on base; Barry's Bay 8 - Erie 0 |
TOP OF THE 9TH |
Barry's Bay Orioles batting - Pitching for Erie Jaxx : RHP Jorge Ríos
|
Pitching: LHP Rafael Romero
|
|
Batting: SHB Garrett Waller
|
0-0: Called Strike 0-1: Ball 1-1: Foul Ball, location: 2F 1-2: Foul Ball, location: 2F 1-2: Strikes out swinging
|
Batting: SHB Terry Christian
|
0-0: Ball 1-0: Ball 2-0: Ball 3-0: Called Strike 3-1: Swinging Strike 3-2: Fly out, F9 (Flyball, 9)
|
Batting: RHB Jim Martin
|
0-0: Ball 1-0: Ground out 6-3 (Groundball, 6)
|
Top of the 9th over - 0 run(s), 0 hit(s), 0 error(s), 0 left on base; Barry's Bay 8 - Erie 0 |
BOTTOM OF THE 9TH |
Erie Jaxx batting - Pitching for Barry's Bay Orioles : RHP Aaron Williams
|
Batting: RHB Edgardo Castro
|
0-0: Ball 1-0: Called Strike 1-1: Ball 2-1: Ball 3-1: SINGLE (Groundball, 6D)
|
Batting: RHB George Medine
|
0-0: Called Strike 0-1: Swinging Strike 0-2: Hit by Pitch Edgardo Castro to second
|
Batting: RHB Cristián Cauozos
|
0-0: Swinging Strike 0-1: Swinging Strike 0-2: Ball 1-2: Foul Ball, location: 2F 1-2: Strikes out swinging
|
Batting: LHB Bill Handy
|
0-0: Foul Ball, location: 2F 0-1: Foul Ball, location: 2F 0-2: Ball 1-2: Ground out 3-1 (Groundball, 34S) Edgardo Castro to third George Medine to second
|
Batting: RHB James Richardson
|
0-0: Ball 1-0: Called Strike 1-1: Foul Ball, location: 2F 1-2: Ball 2-2: Strikes out swinging
|
Bottom of the 9th over - 0 run(s), 1 hit(s), 0 error(s), 2 left on base; Barry's Bay 8 - Erie 0 |
|